 Dungeon Crawl Stone Soup version 0.26.1-11-gd32895ea62 (webtiles) character file.

Game seed: 3549589718415537259

3727 Almogavar the Protected (level 10, -7/81 HPs)
             Began as a Gnoll Wanderer on July 11, 2021.
             Was a Follower of Okawaru.
             Mangled by a gnoll
             ... wielding a +2 halberd of electrocution
              (20 damage)
             ... in a bailey on July 12, 2021.
             The game lasted 00:34:30 (10673 turns).

Almogavar the Protected (Gnoll Wanderer)           Turns: 10673, Time: 00:34:30

Health: -7/81      AC: 16    Str: 20    XL:     10   Next: 14%
Magic:  17/17      EV: 13    Int: 15    God:    Okawaru [*.....]
Gold:   470        SH:  0    Dex: 12    Spells: 19/19 levels left

rFire    . . .     SeeInvis .   t - +1 flail (protect)
rCold    + . .     Faith    .   (no shield)
rNeg     . . .     Spirit   .   F - +1 ring mail {rC+}
rPois    .         Reflect  .   r - +1 hat
rElec    .         Harm     .   N - +0 cloak
rCorr    .         Rampage  .   q - +0 pair of gloves
Will     .....                  (no boots)
Stlth    ++........             (no amulet)
HPRegen  0.23/turn              A - +4 ring of protection
MPRegen  0.15/turn              (no ring)

@: no status effects
A: distributed training, fangs 1, strong nose
a: Renounce Religion, Heroism


You were in a bailey.
You worshipped Okawaru.
Okawaru was aware of your devotion.
You visited 2 branches of the dungeon, and saw 9 of its levels.
You also visited: Ossuary and Bailey.

You collected 470 gold pieces.

Inventory:

Hand Weapons
 a - a +0 hand crossbow
 t - a +1 flail of protection (weapon)
 u - a +0 hunting sling
 K - a +2 flail of protection
Missiles
 c - 57 bolts
 i - 257 stones
 l - 133 arrows
 J - 17 sling bullets
 L - 22 poisoned darts
Armour
 g - a +0 scale mail
 q - a +0 pair of gloves (worn)
 r - a +1 hat (worn)
 w - a +0 helmet
 C - a +0 chain mail
 F - a +1 ring mail of cold resistance (worn)
 N - a +0 cloak (worn)
Jewellery
 A - a +4 ring of protection (left hand)
Wands
 x - a wand of paralysis (8)
 y - a wand of digging (7)
 D - a wand of disintegration (14)
 E - a wand of flame (66)
Scrolls
 d - a scroll of enchant weapon {unknown}
 h - 5 scrolls of teleportation
 k - 6 scrolls of remove curse
 p - 2 scrolls of fog
 B - 3 scrolls of blinking
 G - a scroll of enchant armour
Potions
 e - 3 potions of magic
 f - a potion of flight
 j - 9 potions of curing
 m - 4 potions of haste
 n - a potion of lignification
 o - a potion of cancellation
 s - a potion of ambrosia
 v - a potion of brilliance
 z - 2 potions of heal wounds
 H - a potion of invisibility {unknown}
 M - 2 potions of berserk rage
Miscellaneous
 b - a box of beasts (quivered)


   Skills:
 + Level 8.3 Fighting
 + Level 5.0 Short Blades
 + Level 5.0 Long Blades
 + Level 5.0 Axes
 + Level 5.7 Maces & Flails
 + Level 5.0 Polearms
 + Level 5.0 Staves
 + Level 5.0 Slings
 + Level 5.0 Bows
 + Level 5.0 Crossbows
 + Level 5.0 Throwing
 + Level 9.9 Armour
 + Level 5.0 Dodging
 + Level 5.0 Stealth
 + Level 5.7 Shields
 + Level 5.0 Unarmed Combat
 + Level 5.0 Spellcasting
 + Level 4.1 Conjurations
 + Level 4.1 Hexes
 + Level 4.1 Summonings
 + Level 4.1 Necromancy
 + Level 4.1 Translocations
 + Level 4.1 Transmutations
 + Level 4.1 Fire Magic
 + Level 4.1 Ice Magic
 + Level 4.1 Air Magic
 + Level 4.1 Earth Magic
 + Level 4.1 Poison Magic
 + Level 5.5 Invocations
 + Level 5.7 Evocations


You had 19 spell levels left.
You didn't know any spells.
Your spell library contained the following spells:

 Spells                   Type           Power        Failure   Level
 Magic Dart               Conj           64%          4%          1
 Searing Ray              Conj           32%          7%          2
 Dazzling Flash           Conj/Hex       32%          14%         3
 Fulminant Prism          Conj/Hex       8%           41%         4
 Iskenderun's Mystic Bla  Conj/Tloc      16%          41%         4


Dungeon Overview and Level Annotations

Branches:
Dungeon (8/15)             Temple (1/1) D:7         Ossuary (visited)
 Bailey (1/1)
   Lair: D:8-11

Altars:
Ashenzari
Cheibriados
Dithmenos
Elyvilon
Fedhas
Gozag
Hepliaklqana
Kikubaaqudgha
Makhleb
Nemelex Xobeh
Okawaru
Qazlal
Ru
Sif Muna
Trog
Uskayaw
Vehumet
Wu Jian
Xom
Yredelemnul
Zin
The Shining One

Shops:
D:7 ?

Annotations:
D:7 4 runed translucent doors


Innate Abilities, Weirdness & Mutations

Your experience applies equally to all skills.
You have very sharp teeth.
Your uncanny sense of smell can sniff out nearby items.


Message History

You closely miss the hobgoblin.
The hobgoblin is severely wounded.
The gnoll hits you but does no damage.
The hobgoblin hits you but does no damage.
The gnoll hits you from afar with a +2 halberd of electrocution!
* * * LOW HITPOINT WARNING * * *
The hobgoblin hits you but does no damage.
You sock the hobgoblin!
Your weapon exudes an aura of protection.
You kill the hobgoblin!
The gnoll barely misses you.
Unknown command.
The gnoll hits you but does no damage.
There is an open door, spattered with blood here.
Things that are here:
3 boomerangs; a stone You closely miss the gnoll.
The gnoll barely misses you. x2
You barely miss the gnoll. The gnoll hits you but does no damage.
You are electrocuted!!
You die...

(.. .(. ∆ ((. ∆
.(... #o ..# ∆ ##K
#K# #' #g# #g#g#
#@# ### #### ###
#.###.# #.#)###.##
##'##'##'###'##'##
##.....# ##.....
###.....#####.....
#.'.((..'.#.'..∩..
###...).#####.....
#.....## ##..)((
#'##'##)###'##'##


You could see an orc warrior, a gnoll (fast) and a kobold.

Vanquished Creatures
  A two-headed ogre (D:8)
  Grinder (D:3)
  Sigmund (D:6)
  Eustachio (D:4)
  A water moccasin (D:7)
  A sky beast (D:5)
  A hornet zombie (D:6)
  2 orc warriors
  A necrophage (D:7)
  An ogre (D:4)
  2 phantoms
  2 centaurs
  2 bullfrogs
  3 scorpions (D:5)
  A bullfrog zombie (D:5)
  A jelly (D:8)
  A hound (D:4)
  2 human zombies (Ossuary)
  4 orc priests
  2 centaur skeletons
  4 orc wizards
  3 bullfrog skeletons
  Terence (D:2)
  Jessica (D:2)
  3 iguanas
  5 worker ants
  A big kobold zombie (Ossuary)
  A hound zombie (D:7)
  2 hound skeletons (D:4)
  5 mummies
  Robin (D:3)
  14 gnolls
  9 adders
  A shadow imp (D:5)
  A white imp (D:7)
  An ooze (D:2)
  2 adder skeletons (D:5)
  An adder zombie (D:8)
  4 worms
  7 dart slugs
  2 leopard geckos
  18 orcs
  7 giant cockroaches
  17 hobgoblins
  11 jackals
  2 quokkas
  2 ball pythons
  6 bats
  6 frilled lizards
  A gnoll zombie (Ossuary)
  32 goblins
  2 hobgoblin zombies
  14 kobolds
  A leopard gecko skeleton (D:4)
  An orc zombie (D:6)
  9 rats
229 creatures vanquished.

Vanquished Creatures (collateral kills)
  A dart slug (D:2)
  A gnoll zombie (Ossuary)
  A kobold (D:2)
  A hobgoblin zombie (Ossuary)
  An orc zombie (Ossuary)
  A rat (D:2)
6 creatures vanquished.

Grand Total: 235 creatures vanquished

Notes
Turn   | Place    | Note
-------+----------+-------------------------------------------
     0 | D:1      | Almogavar the Gnoll Wanderer began the quest for the Orb.
     0 | D:1      | Almogavar set off with the following items: a +0 hand
                  | crossbow, a box of beasts, 23 bolts, a +0 ring mail
     0 | D:1      | Reached XP level 1. HP: 23/23 MP: 1/1
   109 | D:1      | Reached XP level 2. HP: 29/29 MP: 2/2
   530 | D:1      | Reached XP level 3. HP: 35/35 MP: 3/3
  1107 | D:2      | Reached skill level 1 in Invocations
  1179 | D:2      | Reached skill level 1 in Short Blades
  1179 | D:2      | Reached skill level 1 in Long Blades
  1179 | D:2      | Reached skill level 1 in Axes
  1179 | D:2      | Reached skill level 1 in Polearms
  1179 | D:2      | Reached skill level 1 in Staves
  1179 | D:2      | Reached skill level 1 in Slings
  1179 | D:2      | Reached skill level 1 in Bows
  1179 | D:2      | Reached skill level 1 in Crossbows
  1179 | D:2      | Reached skill level 1 in Throwing
  1179 | D:2      | Reached skill level 1 in Dodging
  1179 | D:2      | Reached skill level 1 in Stealth
  1179 | D:2      | Reached skill level 1 in Unarmed Combat
  1179 | D:2      | Reached skill level 1 in Spellcasting
  1309 | D:2      | Reached XP level 4. HP: 41/41 MP: 5/5
  1480 | D:2      | Noticed Jessica
  1499 | D:2      | Killed Jessica
  1500 | D:2      | Reached skill level 1 in Conjurations
  1500 | D:2      | Reached skill level 1 in Hexes
  1500 | D:2      | Reached skill level 1 in Summonings
  1500 | D:2      | Reached skill level 1 in Necromancy
  1500 | D:2      | Reached skill level 1 in Translocations
  1500 | D:2      | Reached skill level 1 in Transmutations
  1500 | D:2      | Reached skill level 1 in Fire Magic
  1500 | D:2      | Reached skill level 1 in Ice Magic
  1500 | D:2      | Reached skill level 1 in Air Magic
  1500 | D:2      | Reached skill level 1 in Earth Magic
  1500 | D:2      | Reached skill level 1 in Poison Magic
  1905 | D:2      | Noticed Terence
  1927 | D:2      | Killed Terence
  1928 | D:2      | Reached XP level 5. HP: 47/47 MP: 5/7
  2825 | D:3      | Reached XP level 6. HP: 47/53 MP: 8/8
  2951 | D:3      | Noticed Robin
  2982 | D:3      | Killed Robin
  3428 | D:3      | Noticed Grinder
  3474 | D:3      | Killed Grinder
  3475 | D:3      | Reached XP level 7. HP: 36/60 MP: 10/10
  3934 | D:3      | Found a white marble altar of Elyvilon.
  4325 | D:4      | Noticed Eustachio
  4432 | D:4      | Killed Eustachio
  4433 | D:4      | Reached skill level 9 in Armour
  4516 | D:4      | Reached XP level 8. HP: 67/67 MP: 12/12
  5714 | D:5      | Entered Level 5 of the Dungeon
  6866 | D:6      | Noticed Sigmund
  6886 | D:6      | Killed Sigmund
  6887 | D:6      | Reached XP level 9. HP: 73/73 MP: 14/14
  7032 | D:6      | Found a sand-covered staircase.
  7040 | Ossuary  | Entered an ossuary
  7492 | D:6      | Found a shadowy altar of Dithmenos.
  8137 | D:6      | Reached skill level 5 in Maces & Flails
  8137 | D:6      | Reached skill level 5 in Shields
  8137 | D:6      | Reached skill level 5 in Evocations
  8265 | D:6      | Found a blossoming altar of Fedhas.
  8318 | D:7      | Found Lidet's Magic Scroll Boutique.
  8320 | D:7      | Found a radiant altar of Vehumet.
  8990 | D:7      | Found a staircase to the Ecumenical Temple.
  9000 | Temple   | Entered the Ecumenical Temple
  9094 | Temple   | Became a worshipper of Warmaster Okawaru
  9258 | D:7      | Found a huge runed translucent gate.
  9258 | D:7      | Found a huge runed translucent gate.
  9258 | D:7      | Found a huge runed translucent gate.
  9258 | D:7      | Found a huge runed translucent gate.
  9258 | D:7      | Noticed a polar bear
  9259 | D:7      | Noticed a polar bear
  9259 | D:7      | Noticed a polar bear
  9259 | D:7      | Noticed a polar bear
  9546 | D:7      | Found a hide-covered altar of Uskayaw.
  9904 | D:8      | Reached skill level 5 in Invocations
 10047 | D:8      | Found a flagged portal.
 10053 | D:8      | Noticed a two-headed ogre
 10082 | D:8      | Killed a two-headed ogre
 10082 | D:8      | Reached * piety under Okawaru
 10083 | D:8      | Reached skill level 5 in Short Blades
 10083 | D:8      | Reached skill level 5 in Long Blades
 10083 | D:8      | Reached skill level 5 in Axes
 10083 | D:8      | Reached skill level 5 in Polearms
 10083 | D:8      | Reached skill level 5 in Staves
 10083 | D:8      | Reached skill level 5 in Slings
 10083 | D:8      | Reached skill level 5 in Bows
 10083 | D:8      | Reached skill level 5 in Crossbows
 10083 | D:8      | Reached skill level 5 in Throwing
 10083 | D:8      | Reached skill level 5 in Dodging
 10083 | D:8      | Reached skill level 5 in Stealth
 10083 | D:8      | Reached skill level 5 in Unarmed Combat
 10083 | D:8      | Reached skill level 5 in Spellcasting
 10083 | D:8      | Reached XP level 10. HP: 30/81 MP: 15/17
 10100 | Bailey   | Entered a bailey
 10673 | Bailey   | Mangled by a gnoll

Illustrated notes

Levels and vault maps discovered:
D:1:      dpeg_arrival_rhombus, layout_basic
D:2:      layout_basic, nrook_mini_backslash, amcnicky_mini_corridor_feature,
          uniq_jessica, uniq_terence
D:3:      cheibrodos_greedy_goblins, layout_loops_corners, marbit_many_paths,
          minmay_misc_feat_enclosed, uniq_robin, uniq_grinder
D:4:      layout_gridville, portal_sewer_entry_d, minmay_starry_boxes,
          uniq_eustachio
D:5:      layout_loops_ring, kennysheep_generic_room_2
D:6:      layout_loops_corners, nicolae_dithmenos_the_darkroom,
          kennysheep_mini_moat, nicolae_ossuary_entry_giza, uniq_sigmund
D:7:      lemuel_bear_cage, layout_rooms, nicolae_overflow_hidden_temple,
          kennysheep_mini, minmay_temple_entry_glass, serial_shops,
          nicolae_shop_trees
D:8:      layout_loops_ring, enter_bailey_3, chequers_decorated_corner,
          minmay_manual_mares
Temple:   minmay_temple_bridge_d
Bailey:   bailey_axe_2, bailey

Skill      XL: |  1  2  3  4  5  6  7  8  9 |
---------------+----------------------------+-----
Invocations    | 1 2 3 4 5 |  5.5
Short Blades   | 1 2 3 5 |  5.0
Long Blades    | 1 2 3 5 |  5.0
Axes           | 1 2 3 5 |  5.0
Polearms       | 1 2 3 5 |  5.0
Staves         | 1 2 3 5 |  5.0
Slings         | 1 2 3 5 |  5.0
Bows           | 1 2 3 5 |  5.0
Crossbows      | 1 2 3 5 |  5.0
Throwing       | 1 2 3 5 |  5.0
Dodging        | 1 2 3 5 |  5.0
Stealth        | 1 2 3 5 |  5.0
Unarmed Combat | 1 2 3 5 |  5.0
Spellcasting   | 1 2 3 5 |  5.0
Conjurations   | 1 2 3 4 |  4.1
Hexes          | 1 2 3 4 |  4.1
Summonings     | 1 2 3 4 |  4.1
Necromancy     | 1 2 3 4 |  4.1
Translocations | 1 2 3 4 |  4.1
Transmutations | 1 2 3 4 |  4.1
Fire Magic     | 1 2 3 4 |  4.1
Ice Magic      | 1 2 3 4 |  4.1
Air Magic      | 1 2 3 4 |  4.1
Earth Magic    | 1 2 3 4 |  4.1
Poison Magic   | 1 2 3 4 |  4.1
Maces & Flails | 3 4 5 |  5.7
Shields        | 3 4 5 |  5.7
Evocations     | 3 4 5 |  5.7
Fighting       | 7 8 |  8.3
Armour         | 9 |  9.9

Action                   |  1- 3 |  4- 6 |  7- 9 | 10-12 || total
-------------------------+-------+-------+-------+-------++-------
Melee: Club              |    64 |   116 |       |       ||   180
       Bite              |     7 |    20 |    46 |     1 ||    74
       Punch             |       |     1 |     4 |       ||     5
       Flail             |       |    78 |   397 |    16 ||   491
 Fire: Hand crossbow     |    27 |    25 |    34 |       ||    86
       Hunting sling     |       |    20 |   237 |    79 ||   336
Evoke: Box of beasts     |     1 |       |     1 |       ||     2
  Use: Scroll            |     1 |       |    21 |       ||    22
       Potion            |       |       |     3 |       ||     3
 Stab: Sleeping          |       |     1 |     3 |       ||     4
Armor: Ring mail         |    27 |    81 |   280 |    18 ||   406
Dodge: Dodged            |    36 |   132 |   370 |    53 ||   591
